 Dungeon Crawl Stone Soup version 0.27-a0-75-g9f9dfd16e9 (webtiles) character file.

Game seed: 5398400079408500272

1266 lunkers the Cleaver (level 8, -9/63 (64) HPs)
             Began as a Demigod Gladiator on Jan 12, 2021.
             Mangled by a wight
             ... wielding a +4 morningstar
              (14 damage)
             ... on level 6 of the Dungeon.
             The game lasted 00:05:28 (4383 turns).

lunkers the Cleaver (Demigod Gladiator)             Turns: 4383, Time: 00:05:29

HP:   -9/63 (64)    AC:  7    Str: 21    XL:     8   Next: 6%
MP:   10/10         EV: 12    Int: 12    God:
Gold: 252           SH:  0    Dex: 17    Spells: 7/7 levels left

rFire    . . .     SeeInvis .   o - +2 hand axe (elec)
rCold    . . .     Faith    .   (no shield)
rNeg     . . .     Spirit   .   q - +0 ring mail
rPois    +         Reflect  .   c - +0 helmet
rElec    .         Harm     .   (no cloak)
rCorr    .         Rampage  .   n - +0 pair of gloves
Will     .....                  (no boots)
Stlth    +.........             (no amulet)
HPRegen  0.20/turn              f - ring of poison resistance
MPRegen  0.12/turn              (no ring)

@: lightly drained
A: high mp 1
a: no special abilities


You were on level 6 of the Dungeon.
You visited 1 branch of the dungeon, and saw 6 of its levels.

You collected 252 gold pieces.

Inventory:

Hand Weapons
 a - a +0 war axe
 o - a +2 hand axe of electrocution (weapon)
Missiles
 d - 3 throwing nets {=f}
Armour
 b - a +0 leather armour
 c - a +0 helmet (worn)
 n - a +0 pair of gloves (worn)
 q - a +0 ring mail (worn)
Jewellery
 f - a ring of poison resistance (left hand)
 y - a cursed ring of attention {unknown}
Wands
 v - a wand of acid (10)
 x - a wand of flame (17)
 E - a wand of iceblast (8)
Scrolls
 g - 8 scrolls of identify {unknown}
 i - a scroll of fear {unknown}
 j - a scroll of random uselessness {unknown}
 k - a scroll of teleportation {unknown}
 p - a scroll of noise {unknown}
 t - a scroll of enchant armour {unknown}
 u - a scroll of immolation {unknown}
 w - 3 scrolls of magic mapping {unknown}
 z - 5 scrolls of remove curse {unknown}
 C - a scroll of enchant weapon {unknown}
Potions
 e - a potion of might {unknown}
 h - a potion of ambrosia {unknown}
 l - 3 potions of berserk rage {unknown}
 m - a potion of heal wounds {unknown}
 r - a potion of curing {unknown}
 s - 2 potions of lignification {unknown}
 A - 2 potions of attraction {unknown}
 B - a potion of haste {unknown}
 D - a potion of resistance {unknown}
 F - a potion of cancellation {unknown}


   Skills:
 + Level 3.6 Fighting
 * Level 8.4 Axes
 - Level 1.7 Throwing
 - Level 2.6 Dodging
 + Level 2.9 Evocations


You had 7 spell levels left.
You didn't know any spells.
Your spell library was empty.

Dungeon Overview and Level Annotations

Branches:
Dungeon (6/15)
 Temple: D:4-7

Shops:
D:5 *


Innate Abilities, Weirdness & Mutations

You have an increased reservoir of magic. (+10% MP)


Message History

The puff of flame hits the orc!
You kill the orc!
You hit the wight.
The wight is severely damaged.
The wight closely misses you.
You hit the wight.
The wight is almost destroyed.
The wight hits you with a +4 morningstar.
* * * LOW HITPOINT WARNING * * *
Evoke which item? (* to show all) (? for menu, Esc to quit)
Aiming: Corrosive Bolt
Press: ? - help, Shift-Dir - straight line, f - wight
Aim: a wight, wielding a +4 morningstar and wearing a +0 robe (almost destroyed, 26% to evade)
The bolt of acid misses the wight.
The bolt of acid hits the orc!
The orc is splashed with acid.
The acid corrodes the orc!
You kill the orc!
You closely miss the wight.
The wight is almost destroyed.
The wight hits you with a +4 morningstar!
You die...

#..............##
##.############# #)#
.. #.# .###### #.#
.......
##)#######.......
#................
##.#######....... .###
#....@z)..............
#########)............
.....#....... .#>#.#
##.... .#...........
.# .......... .#
......... .. ..###.###
.......<


You could see a wight.

Vanquished Creatures
  Sigmund (D:2)
  Menkaure (D:6)
  An ice beast (D:5)
  An ogre (D:4)
  A centaur (D:5)
  Blork the orc (D:5)
  4 wights (D:6)
  A bullfrog zombie (D:5)
  A hound (D:4)
  A bullfrog skeleton (D:5)
  A worker ant (D:5)
  4 orc wizards
  11 adders
  4 gnolls (D:5)
  3 shadow imps
  2 white imps (D:5)
  3 worms
  5 leopard geckos
  9 orcs
  4 giant cockroaches
  6 goblins
  6 hobgoblins
  10 jackals
  A quokka (D:4)
  3 bats
  5 frilled lizards
  2 jackal skeletons (D:4)
  7 kobolds
  A quokka skeleton (D:4)
  7 rats
107 creatures vanquished.

Notes
Turn   | Place    | Note
-------+----------+-------------------------------------------
     0 | D:1      | lunkers the Demigod Gladiator began the quest for the Orb.
     0 | D:1      | Reached XP level 1. HP: 17/17 MP: 3/3
    49 | D:1      | You fall into a shaft and drop 1 floor!
    75 | D:2      | Reached skill level 3 in Axes
    75 | D:2      | Reached XP level 2. HP: 12/24 MP: 4/4
   718 | D:2      | Noticed Sigmund
   733 | D:2      | Killed Sigmund
   734 | D:2      | Reached skill level 5 in Axes
   734 | D:2      | Reached XP level 3. HP: 16/29 MP: 5/5
   734 | D:2      | Reached XP level 4. HP: 21/36 MP: 6/6
   734 | D:2      | Reached XP level 5. HP: 23/41 MP: 7/7
  1854 | D:3      | Reached skill level 6 in Axes
  2672 | D:4      | Reached XP level 6. HP: 48/48 MP: 8/8
  2682 | D:4      | Reached skill level 7 in Axes
  3026 | D:4      | Found a basalt altar of Yredelemnul.
  3062 | D:5      | Entered Level 5 of the Dungeon
  3088 | D:5      | Found a burning altar of Makhleb.
  3180 | D:5      | Reached skill level 1 in Evocations
  3405 | D:5      | Noticed Blork the orc
  3413 | D:5      | Killed Blork the orc
  3414 | D:5      | Reached XP level 7. HP: 26/56 MP: 9/9
  3689 | D:5      | Found Urugo's General Store.
  4145 | D:6      | Noticed Menkaure
  4149 | D:6      | Killed Menkaure
  4150 | D:6      | Reached skill level 8 in Axes
  4362 | D:6      | Reached XP level 8. HP: 63/63 MP: 10/10
  4383 | D:6      | Mangled by a wight

Illustrated notes

Levels and vault maps discovered:
D:1:      dpeg_arrival_lava_altar, layout_loops_ring, lemuel_old_faithful
D:2:      cheibrodos_old_hovel, layout_basic, uniq_sigmund
D:3:      layout_basic, amethyst_killhole, kennysheep_decorative_pillar
D:4:      layout_rooms, kennysheep_mini
D:5:      layout_loops_ring, serial_shops, shop, lemuel_altar_in_water2,
          uniq_blork_the_orc
D:6:      hangedman_cross_stitches, layout_basic, kiku_gazebo_pond_becter,
          ebering_ghost_disaster_area, gup_sewer_entry_spiral, uniq_menkaure,
          uniq_duvessa

Skill      XL: |  1  2  3  4  5  6  7 |
---------------+----------------------+-----
Axes           | 3 5 6 7 8 |  8.4
Fighting       | 2 3 |  3.6
Evocations     | 1 2 |  2.9
Throwing       | |  1.7
Dodging        | |  2.6

Action                   |  1- 3 |  4- 6 |  7- 9 || total
-------------------------+-------+-------+-------++-------
Melee: War axe           |    38 |    23 |       ||    61
       Hand axe          |       |   146 |    70 ||   216
Evoke: Wand              |       |     1 |     4 ||     5
 Stab: Sleeping          |     2 |     1 |       ||     3
Armor: Leather armour    |     7 |    17 |       ||    24
       Ring mail         |       |    33 |     5 ||    38
Dodge: Dodged            |    28 |   104 |    37 ||   169

Table legend: (Time is in decaauts)
 A = Elapsed time spent in this place.
 B = Non-inter-level travel time spent in this place.
 C = Inter-level travel time spent in this place.
 D = Time resting spent in this place.
 E = Time spent auto-exploring this place.
 F = Levels seen in this place.
 G = Mean time per level.
                   A        B        C        D        E       F      G
               +--------+--------+--------+--------+--------+-----+--------+
         Total |   4392 |   4217 |    175 |      0 |   3582 |   6 |  732.0 |
       Dungeon |   4392 |   4217 |    175 |      0 |   3582 |   6 |  732.0 |
               +--------+--------+--------+--------+--------+-----+--------+

Top non-repeatable levels by time:
     D:2: 1129 daAuts
     D:5: 1043 daAuts
     D:3: 763 daAuts
     D:1: 681 daAuts
     D:4: 504 daAuts
     D:6: 269 daAuts
